Senators vs Lightning

Created - November 11 2007 at 18:18

Goals
1 2 3 T
Senators 1 0 0 1
Lightning 2 0 0 2
Shots
1 2 3 T
Senators 12 6 10 28
Lightning 8 8 12 28

Period #1

1. Lightning , Jaromir Jagr 12 (Brad Richards, Vincent Lecavalier) at 2:58
2. Lightning , Eric Brewer 1 (Tim Taylor, Jay Pandolfo) at 11:11
3. Senators , Marc-Andre Bergeron 2 (Antoine Vermette, Ilya Kovalchuk) at 12:19

Penalties :
Chris Kelly (OTT) for Hooking (Minor) at 3:12, Eric Brewer (TBL) for Roughing (Minor) at 4:13, Chris Phillips (TBL) for Hooking (Minor) at 7:12, Jaromir Jagr (TBL) for Fighting (Major) at 11:49, Jean-Pierre Dumont (OTT) for Fighting (Major) at 11:49, Alexander Radulov (OTT) for Interference (Minor) at 13:22

Period #2

No Goal

Penalties :
Jaromir Jagr (TBL) for Holding (Minor) at 7:48, Dustin Penner (OTT) for Interference (Minor) at 10:46, Dan Hamhuis (OTT) for High sticking (Minor) at 14:59, Nolan Pratt (TBL) for Boarding (Minor) at 19:12

Period #3

No Goal

Penalties :
Chris Phillips (TBL) for Tripping (Minor) at 1:43, Marc-Andre Bergeron (OTT) for High sticking (Minor) at 5:49, Peter Schaefer (OTT) for Charging (Minor) at 6:44

Goalie Stats

Pascal Leclaire (OTT), 26 saves from 28 shots - (0.929), L, 4-3-1, 59:01 minutes
Martin Gerber (TBL), 27 saves from 28 shots - (0.964), W, 9-9-2, 60:00 minutes

Players Stats

Senators
Player Name              G  A  P  +/- PIM S  H  SB FO MP 
-----------------------------------------------------------
Alexander Radulov        0  0  0  -1  2   2  2  0  0  14 
Andrej Meszaros          0  0  0   0  0   0  1  1  0  14 
Antoine Vermette         0  1  1   0  0   1  1  0  33 22 
Anton Volchenkov         0  0  0   0  0   0  0  2  0  23 
Chris Kelly              0  0  0   0  2   1  0  1  12 12 
Dan Hamhuis              0  0  0  -1  2   2  1  1  0  23 
Dustin Penner            0  0  0  -1  2   1  3  0  0  15 
Ilya Kovalchuk           0  1  1   0  0   6  0  0  2  23 
Jason Spezza             0  0  0  -1  0   2  0  0  30 18 
Jay Bouwmeester          0  0  0  -1  0   1  0  1  0  23 
Jean-Pierre Dumont       0  0  0   0  5   5  1  0  1  17 
Marc-Andre Bergeron      1  0  1   0  2   1  0  1  0  22 
Mike Cammalleri          0  0  0   0  0   2  2  1  2  18 
Patrick Eaves            0  0  0   0  0   2  0  0  0  5  
Peter Schaefer           0  0  0   0  2   1  0  1  0  17 
Petr Prucha              0  0  0   0  0   1  0  0  0  8  
Rostislav Olesz          0  0  0   0  0   0  0  0  22 14 
Tom Preissing            0  0  0   0  0   0  1  4  0  19 
Lightning
Player Name              G  A  P  +/- PIM S  H  SB FO MP 
-----------------------------------------------------------
Antti Laaksonen          0  0  0   0  0   0  0  0  0  6  
Brad Richards            0  1  1   1  0   1  2  0  23 18 
Carlo Colaiacovo         0  0  0   0  0   0  0  0  0  1  
Chris Phillips           0  0  0  -1  4   1  0  0  0  22 
Cory Sarich              0  0  0  -1  0   1  0  0  0  20 
Dimitry Afanasenkov      0  0  0   0  0   1  0  0  0  6  
Eric Brewer              1  0  1   1  2   1  0  1  0  23 
Eric Lindros             0  0  0  -1  0   2  0  0  3  18 
Jaromir Jagr             1  0  1   1  7   2  2  0  7  19 
Jay Pandolfo             0  1  1   1  0   4  1  0  3  17 
Mats Sundin              0  0  0  -1  0   4  1  0  27 20 
Nolan Pratt              0  0  0   1  2   0  0  2  0  16 
Ruslan Fedotenko         0  0  0   1  0   1  0  0  1  17 
Tim Taylor               0  1  1   1  0   1  1  0  34 21 
Tom Poti                 0  0  0   1  0   1  1  0  0  23 
Vaclav Prospal           0  0  0  -1  0   1  0  0  2  19 
Vincent Lecavalier       0  1  1   1  0   7  0  0  2  19 
Willie Mitchell          0  0  0   1  0   0  1  1  0  20 

3 Stars

1 - Martin Gerber (TBL)
2 - Jaromir Jagr (TBL)
3 - Eric Brewer (TBL)

Power Play

Senators - 0 on 5 Attempt(s) - 0.00%
Lightning - 0 on 6 Attempt(s) - 0.00%

Penalty Kill

Senators - 6 on 6 Attempt(s) - 100.00% - Score 0 goal in Penalty Kill
Lightning - 5 on 5 Attempt(s) - 100.00% - Score 0 goal in Penalty Kill

Game Notes

Jaromir Jagr and Jean-Pierre Dumont fight to a draw at 11:49 of 1st period
Patrick Eaves is injured at 6:05 of 2nd period (Wrist)

Finance

Level 1 -- Attendance: 4180 (68.81%) -- Ticket Income $418,000.00
Level 2 -- Attendance: 3958 (70.69%) -- Ticket Income $237,480.00
Level 3 -- Attendance: 1649 (60.30%) -- Ticket Income $65,960.00
Level 4 -- Attendance: 1746 (40.14%) -- Ticket Income $61,110.00
Luxury Box -- Attendance: 441 (44.13%) -- Ticket Income $132,300.00
Game was played at the St. Pete Times Forum
Total Attendance: 11974 (60.60%)
Total Ticket Income: $929,358.90
Other Income: $149,436.00
Total Income: $1,078,795.00


Play by Play

Period #1

0:01 of 1st period - Jason Spezza wins face-off versus Brad Richards in neutral zone.
1:33 of 1st period - Icing by Antoine Vermette.
1:34 of 1st period - Tim Taylor wins face-off versus Antoine Vermette in Senators zone.
1:50 of 1st period - Icing by Tim Taylor.
1:51 of 1st period - Tim Taylor wins face-off versus Rostislav Olesz in Lightning zone.
1:55 of 1st period - Icing by Jay Pandolfo.
1:56 of 1st period - Tim Taylor wins face-off versus Rostislav Olesz in Lightning zone.
2:22 of 1st period - Icing by Nolan Pratt.
2:23 of 1st period - Tim Taylor wins face-off versus Antoine Vermette in Lightning zone.
2:58 of 1st period - Shot by Jaromir Jagr.
2:58 of 1st period - The goal is going for a video replay.
2:58 of 1st period - The goal is good.
2:58 of 1st period - Goal by Jaromir Jagr - Senators : 0 - Lightning : 1.
2:59 of 1st period - Vaclav Prospal wins face-off versus Rostislav Olesz in neutral zone.
3:01 of 1st period - Off-side.
3:02 of 1st period - Rostislav Olesz wins face-off versus Mats Sundin in neutral zone.
3:07 of 1st period - Shot by Jean-Pierre Dumont.
3:07 of 1st period - Stopped by Martin Gerber without a rebound.
3:08 of 1st period - Mats Sundin wins face-off versus Chris Kelly in Lightning zone.
3:12 of 1st period - Minor Penalty to Chris Kelly for Hooking.
3:13 of 1st period - Ilya Kovalchuk wins face-off versus Mats Sundin in Senators zone.
3:52 of 1st period - Shot by Mats Sundin.
3:52 of 1st period - Deflect By Jaromir Jagr.
3:52 of 1st period - Stopped by Pascal Leclaire without a rebound.
3:53 of 1st period - Vincent Lecavalier wins face-off versus Jason Spezza in Senators zone.
4:13 of 1st period - Minor Penalty to Eric Brewer for Roughing.
4:14 of 1st period - Brad Richards wins face-off versus Ilya Kovalchuk in Lightning zone.
4:24 of 1st period - Shot by Jean-Pierre Dumont.
4:24 of 1st period - Shot Misses the Net.
4:28 of 1st period - Shot by Ilya Kovalchuk.
4:28 of 1st period - Stopped by Martin Gerber without a rebound.
4:29 of 1st period - Rostislav Olesz wins face-off versus Mats Sundin in Lightning zone.
4:56 of 1st period - Shot by Ilya Kovalchuk.
4:56 of 1st period - Shot Misses the Net.
4:58 of 1st period - Shot by Jay Bouwmeester.
4:58 of 1st period - Shot Misses the Net.
5:29 of 1st period - Icing by Anton Volchenkov.
5:30 of 1st period - Antoine Vermette wins face-off versus Jay Pandolfo in Senators zone.
6:10 of 1st period - Icing by Mike Cammalleri.
6:11 of 1st period - Tim Taylor wins face-off versus Mike Cammalleri in Senators zone.
6:42 of 1st period - Shot by Patrick Eaves.
6:42 of 1st period - Stopped by Martin Gerber without a rebound.
6:43 of 1st period - Mats Sundin wins face-off versus Mike Cammalleri in Lightning zone.
6:53 of 1st period - Icing by Marc-Andre Bergeron.
6:54 of 1st period - Brad Richards wins face-off versus Antoine Vermette in Senators zone.
6:55 of 1st period - Shot by Jaromir Jagr.
6:55 of 1st period - Shot Misses the Net.
6:57 of 1st period - Shot by Vincent Lecavalier.
6:57 of 1st period - Stopped by Pascal Leclaire without a rebound.
6:58 of 1st period - Mats Sundin wins face-off versus Rostislav Olesz in Senators zone.
7:12 of 1st period - Minor Penalty to Chris Phillips for Hooking.
7:13 of 1st period - Tim Taylor wins face-off versus Jason Spezza in neutral zone.
7:19 of 1st period - Icing by Jay Bouwmeester.
7:20 of 1st period - Tim Taylor wins face-off versus Jason Spezza in Senators zone.
7:20 of 1st period - Nolan Pratt is hit by Mike Cammalleri and loses puck.
7:34 of 1st period - Icing by Jay Bouwmeester.
7:35 of 1st period - Jason Spezza wins face-off versus Jaromir Jagr in Senators zone.
7:48 of 1st period - Shot by Mike Cammalleri.
7:48 of 1st period - Deflect By Ilya Kovalchuk.
7:48 of 1st period - Stopped by Martin Gerber with a rebound.
8:48 of 1st period - Dan Hamhuis is hit by Jay Pandolfo and loses puck.
9:41 of 1st period - Shot by Petr Prucha.
9:41 of 1st period - Stopped by Martin Gerber without a rebound.
9:42 of 1st period - Rostislav Olesz wins face-off versus Brad Richards in Lightning zone.
9:47 of 1st period - Shot by Peter Schaefer.
9:47 of 1st period - Stopped by Martin Gerber without a rebound.
9:48 of 1st period - Tim Taylor wins face-off versus Antoine Vermette in Lightning zone.
9:56 of 1st period - Icing by Andrej Meszaros.
9:57 of 1st period - Antoine Vermette wins face-off versus Brad Richards in Senators zone.
10:05 of 1st period - Off-side.
10:06 of 1st period - Vaclav Prospal wins face-off versus Chris Kelly in neutral zone.
10:18 of 1st period - Shot by Patrick Eaves.
10:18 of 1st period - Stopped by Martin Gerber with a rebound.
10:20 of 1st period - Shot by Chris Kelly.
10:20 of 1st period - Stopped by Martin Gerber without a rebound.
10:21 of 1st period - Brad Richards wins face-off versus Rostislav Olesz in Lightning zone.
10:25 of 1st period - Icing by Vincent Lecavalier.
10:26 of 1st period - Jason Spezza wins face-off versus Brad Richards in Lightning zone.
10:36 of 1st period - Icing by Jason Spezza.
10:37 of 1st period - Jason Spezza wins face-off versus Tim Taylor in Senators zone.
10:47 of 1st period - Ruslan Fedotenko is hit by Dustin Penner and loses puck.
11:09 of 1st period - Shot by Tim Taylor.
11:09 of 1st period - Stopped by Pascal Leclaire with a rebound.
11:11 of 1st period - Shot by Eric Brewer.
11:11 of 1st period - Goal by Eric Brewer - Senators : 0 - Lightning : 2.
11:12 of 1st period - Vincent Lecavalier wins face-off versus Antoine Vermette in neutral zone.
11:15 of 1st period - Shot by Brad Richards.
11:15 of 1st period - Stopped by Pascal Leclaire without a rebound.
11:16 of 1st period - Antoine Vermette wins face-off versus Mats Sundin in Senators zone.
11:22 of 1st period - Shot by Mats Sundin.
11:22 of 1st period - Stopped by Pascal Leclaire without a rebound.
11:23 of 1st period - Rostislav Olesz wins face-off versus Brad Richards in Senators zone.
11:27 of 1st period - Tom Preissing is hit by Jaromir Jagr and loses puck.
11:46 of 1st period - Shot by Vincent Lecavalier.
11:46 of 1st period - Shot Blocked by Anton Volchenkov.
11:49 of 1st period - Jaromir Jagr and Jean-Pierre Dumont fight to a draw.
11:49 of 1st period - Penalty to Jaromir Jagr for Fighting.
11:49 of 1st period - Penalty to Jean-Pierre Dumont for Fighting.
11:50 of 1st period - Mats Sundin wins face-off versus Antoine Vermette in Senators zone.
12:05 of 1st period - Shot by Vaclav Prospal.
12:05 of 1st period - Shot Blocked by Andrej Meszaros.
12:15 of 1st period - Shot by Mike Cammalleri.
12:15 of 1st period - Deflect By Ilya Kovalchuk.
12:15 of 1st period - Shot Misses the Net.
12:17 of 1st period - Shot by Antoine Vermette.
12:17 of 1st period - Stopped by Martin Gerber with a rebound.
12:19 of 1st period - Shot by Marc-Andre Bergeron.
12:19 of 1st period - Goal by Marc-Andre Bergeron - Senators : 1 - Lightning : 2.
12:20 of 1st period - Jason Spezza wins face-off versus Tim Taylor in neutral zone.
12:26 of 1st period - Off-side.
12:27 of 1st period - Rostislav Olesz wins face-off versus Brad Richards in neutral zone.
12:56 of 1st period - Shot by Vincent Lecavalier.
12:56 of 1st period - Deflect By Brad Richards.
12:56 of 1st period - Shot Blocked by Tom Preissing.
13:07 of 1st period - Icing by Anton Volchenkov.
13:08 of 1st period - Rostislav Olesz wins face-off versus Jay Pandolfo in Senators zone.
13:22 of 1st period - Minor Penalty to Alexander Radulov for Interference.
13:23 of 1st period - Mats Sundin wins face-off versus Antoine Vermette in Lightning zone.
14:44 of 1st period - Shot by Vincent Lecavalier.
14:44 of 1st period - Shot Blocked by Chris Kelly.
15:14 of 1st period - Shot by Vaclav Prospal.
15:14 of 1st period - Shot Misses the Net.
15:37 of 1st period - Icing by Jay Bouwmeester.
15:38 of 1st period - Eric Lindros wins face-off versus Chris Kelly in Senators zone.
15:56 of 1st period - Petr Prucha is hit by Brad Richards and loses puck.
16:54 of 1st period - Icing by Jay Pandolfo.
16:55 of 1st period - Antoine Vermette wins face-off versus Tim Taylor in Lightning zone.
16:56 of 1st period - Shot by Ilya Kovalchuk.
16:56 of 1st period - Stopped by Martin Gerber without a rebound.
16:57 of 1st period - Antoine Vermette wins face-off versus Mats Sundin in Lightning zone.
17:00 of 1st period - Shot by Mike Cammalleri.
17:00 of 1st period - Stopped by Martin Gerber without a rebound.
17:01 of 1st period - Mats Sundin wins face-off versus Antoine Vermette in Lightning zone.
17:10 of 1st period - Shot by Vaclav Prospal.
17:10 of 1st period - Shot Misses the Net.
17:12 of 1st period - Shot by Chris Phillips.
17:12 of 1st period - Shot Blocked by Marc-Andre Bergeron.
17:16 of 1st period - Shot by Mats Sundin.
17:16 of 1st period - Stopped by Pascal Leclaire without a rebound.
17:17 of 1st period - Jason Spezza wins face-off versus Brad Richards in Senators zone.
17:41 of 1st period - Brad Richards is hit by Dustin Penner and loses puck.
18:07 of 1st period - Peter Schaefer is hit by Tim Taylor and loses puck.
19:17 of 1st period - Shot by Ilya Kovalchuk.
19:17 of 1st period - Shot Misses the Net.
19:21 of 1st period - Shot by Mike Cammalleri.
19:21 of 1st period - Shot Blocked by Nolan Pratt.
19:42 of 1st period - Off-side.
19:43 of 1st period - Mats Sundin wins face-off versus Jason Spezza in neutral zone.

Period #2

0:01 of 2nd period - Brad Richards wins face-off versus Jason Spezza in neutral zone.
0:16 of 2nd period - Shot by Jason Spezza.
0:16 of 2nd period - Shot Misses the Net.
0:18 of 2nd period - Shot by Jay Bouwmeester.
0:18 of 2nd period - Stopped by Martin Gerber without a rebound.
0:19 of 2nd period - Mats Sundin wins face-off versus Antoine Vermette in Lightning zone.
1:11 of 2nd period - Off-side.
1:12 of 2nd period - Tim Taylor wins face-off versus Jason Spezza in neutral zone.
1:12 of 2nd period - Ruslan Fedotenko is hit by Alexander Radulov and loses puck.
2:12 of 2nd period - Icing by Tom Poti.
2:13 of 2nd period - Rostislav Olesz wins face-off versus Brad Richards in Lightning zone.
2:13 of 2nd period - Jean-Pierre Dumont is hit by Jaromir Jagr and loses puck.
2:41 of 2nd period - Shot by Vincent Lecavalier.
2:41 of 2nd period - Stopped by Pascal Leclaire without a rebound.
2:42 of 2nd period - Antoine Vermette wins face-off versus Mats Sundin in Senators zone.
3:09 of 2nd period - Shot by Vaclav Prospal.
3:09 of 2nd period - Stopped by Pascal Leclaire without a rebound.
3:10 of 2nd period - Tim Taylor wins face-off versus Chris Kelly in Senators zone.
3:18 of 2nd period - Petr Prucha is hit by Tom Poti and loses puck.
4:14 of 2nd period - Icing by Anton Volchenkov.
4:15 of 2nd period - Rostislav Olesz wins face-off versus Brad Richards in Senators zone.
4:35 of 2nd period - Anton Volchenkov is hit by Brad Richards and loses puck.
4:50 of 2nd period - Shot by Brad Richards.
4:50 of 2nd period - Deflect By Vincent Lecavalier.
4:50 of 2nd period - Shot Misses the Net.
4:52 of 2nd period - Shot by Vincent Lecavalier.
4:52 of 2nd period - Stopped by Pascal Leclaire without a rebound.
4:53 of 2nd period - Tim Taylor wins face-off versus Antoine Vermette in Senators zone.
5:32 of 2nd period - Shot by Mike Cammalleri.
5:32 of 2nd period - Stopped by Martin Gerber without a rebound.
5:33 of 2nd period - Mats Sundin wins face-off versus Jason Spezza in Lightning zone.
5:37 of 2nd period - Off-side.
5:38 of 2nd period - Chris Kelly wins face-off versus Brad Richards in neutral zone.
6:04 of 2nd period - Patrick Eaves is hit by Willie Mitchell and loses puck.
6:05 of 2nd period - Patrick Eaves from Senators is injured at 6:05 of 2nd period (Wrist).
6:06 of 2nd period - Rostislav Olesz wins face-off versus Mats Sundin in Lightning zone.
6:17 of 2nd period - Shot by Mats Sundin.
6:17 of 2nd period - Shot Misses the Net.
6:19 of 2nd period - Shot by Chris Phillips.
6:19 of 2nd period - Stopped by Pascal Leclaire without a rebound.
6:20 of 2nd period - Jason Spezza wins face-off versus Jay Pandolfo in Senators zone.
6:29 of 2nd period - Shot by Alexander Radulov.
6:29 of 2nd period - Shot Blocked by Nolan Pratt.
6:33 of 2nd period - Shot by Jason Spezza.
6:33 of 2nd period - Stopped by Martin Gerber without a rebound.
6:34 of 2nd period - Antoine Vermette wins face-off versus Mats Sundin in Lightning zone.
7:48 of 2nd period - Minor Penalty to Jaromir Jagr for Holding.
7:49 of 2nd period - Antoine Vermette wins face-off versus Tim Taylor in Lightning zone.
9:15 of 2nd period - Icing by Marc-Andre Bergeron.
9:16 of 2nd period - Jason Spezza wins face-off versus Tim Taylor in Senators zone.
9:18 of 2nd period - Icing by Mike Cammalleri.
9:19 of 2nd period - Eric Lindros wins face-off versus Jason Spezza in Senators zone.
10:21 of 2nd period - Shot by Mats Sundin.
10:21 of 2nd period - Shot Blocked by Peter Schaefer.
10:25 of 2nd period - Shot by Mats Sundin.
10:25 of 2nd period - Shot Misses the Net.
10:45 of 2nd period - Shot by Dustin Penner.
10:45 of 2nd period - Stopped by Martin Gerber with a rebound.
10:46 of 2nd period - Minor Penalty to Dustin Penner for Interference.
10:47 of 2nd period - Brad Richards wins face-off versus Antoine Vermette in Lightning zone.
10:51 of 2nd period - Off-side.
10:52 of 2nd period - Brad Richards wins face-off versus Antoine Vermette in neutral zone.
11:07 of 2nd period - Shot by Vincent Lecavalier.
11:07 of 2nd period - Stopped by Pascal Leclaire without a rebound.
11:08 of 2nd period - Antoine Vermette wins face-off versus Mats Sundin in Senators zone.
11:08 of 2nd period - Marc-Andre Bergeron is hit by Mats Sundin and loses puck.
11:48 of 2nd period - Icing by Jaromir Jagr.
11:49 of 2nd period - Chris Kelly wins face-off versus Brad Richards in Lightning zone.
12:55 of 2nd period - Icing by Marc-Andre Bergeron.
12:56 of 2nd period - Tim Taylor wins face-off versus Jason Spezza in Senators zone.
13:04 of 2nd period - Icing by Andrej Meszaros.
13:05 of 2nd period - Tim Taylor wins face-off versus Jason Spezza in Senators zone.
13:18 of 2nd period - Shot by Jason Spezza.
13:18 of 2nd period - Shot Blocked by Eric Brewer.
13:22 of 2nd period - Shot by Jason Spezza.
13:22 of 2nd period - Shot Misses the Net.
13:24 of 2nd period - Shot by Marc-Andre Bergeron.
13:24 of 2nd period - Shot Misses the Net.
13:28 of 2nd period - Shot by Ilya Kovalchuk.
13:28 of 2nd period - Stopped by Martin Gerber without a rebound.
13:29 of 2nd period - Rostislav Olesz wins face-off versus Mats Sundin in Lightning zone.
14:42 of 2nd period - Shot by Vincent Lecavalier.
14:42 of 2nd period - Stopped by Pascal Leclaire without a rebound.
14:43 of 2nd period - Tim Taylor wins face-off versus Jason Spezza in Senators zone.
14:53 of 2nd period - Jay Pandolfo is hit by Dan Hamhuis and loses puck.
14:59 of 2nd period - Minor Penalty to Dan Hamhuis for High sticking.
15:00 of 2nd period - Brad Richards wins face-off versus Antoine Vermette in Senators zone.
17:23 of 2nd period - Shot by Ilya Kovalchuk.
17:23 of 2nd period - Shot Misses the Net.
17:25 of 2nd period - Shot by Dan Hamhuis.
17:25 of 2nd period - Stopped by Martin Gerber without a rebound.
17:26 of 2nd period - Tim Taylor wins face-off versus Rostislav Olesz in Lightning zone.
18:29 of 2nd period - Shot by Vaclav Prospal.
18:29 of 2nd period - Shot Misses the Net.
18:31 of 2nd period - Shot by Cory Sarich.
18:31 of 2nd period - Stopped by Pascal Leclaire with a rebound.
18:33 of 2nd period - Shot by Chris Phillips.
18:33 of 2nd period - Shot Misses the Net.
18:37 of 2nd period - Shot by Mats Sundin.
18:37 of 2nd period - Shot Misses the Net.
18:39 of 2nd period - Shot by Mats Sundin.
18:39 of 2nd period - Shot Misses the Net.
18:41 of 2nd period - Shot by Eric Lindros.
18:41 of 2nd period - Stopped by Pascal Leclaire without a rebound.
18:42 of 2nd period - Jason Spezza wins face-off versus Ruslan Fedotenko in Senators zone.
19:12 of 2nd period - Minor Penalty to Nolan Pratt for Boarding.
19:13 of 2nd period - Jaromir Jagr wins face-off versus Antoine Vermette in neutral zone.
19:47 of 2nd period - Icing by Jean-Pierre Dumont.
19:48 of 2nd period - Antoine Vermette wins face-off versus Jaromir Jagr in Senators zone.

Period #3

0:01 of 3rd period - Tim Taylor wins face-off versus Jason Spezza in neutral zone.
0:10 of 3rd period - Shot by Jason Spezza.
0:10 of 3rd period - Stopped by Martin Gerber without a rebound.
0:11 of 3rd period - Antoine Vermette wins face-off versus Tim Taylor in Lightning zone.
0:32 of 3rd period - Shot by Jean-Pierre Dumont.
0:32 of 3rd period - Stopped by Martin Gerber without a rebound.
0:33 of 3rd period - Jason Spezza wins face-off versus Tim Taylor in Lightning zone.
1:06 of 3rd period - Shot by Ilya Kovalchuk.
1:06 of 3rd period - Stopped by Martin Gerber without a rebound.
1:07 of 3rd period - Jaromir Jagr wins face-off versus Antoine Vermette in Lightning zone.
1:43 of 3rd period - Minor Penalty to Chris Phillips for Tripping.
1:44 of 3rd period - Jaromir Jagr wins face-off versus Jason Spezza in Lightning zone.
2:15 of 3rd period - Shot by Ilya Kovalchuk.
2:15 of 3rd period - Shot Misses the Net.
2:19 of 3rd period - Shot by Ilya Kovalchuk.
2:19 of 3rd period - Shot Misses the Net.
2:58 of 3rd period - Off-side.
2:59 of 3rd period - Jason Spezza wins face-off versus Jaromir Jagr in neutral zone.
3:08 of 3rd period - Shot by Ilya Kovalchuk.
3:08 of 3rd period - Stopped by Martin Gerber without a rebound.
3:09 of 3rd period - Jaromir Jagr wins face-off versus Antoine Vermette in Lightning zone.
3:30 of 3rd period - Shot by Jean-Pierre Dumont.
3:30 of 3rd period - Shot Misses the Net.
3:45 of 3rd period - Icing by Marc-Andre Bergeron.
3:46 of 3rd period - Mats Sundin wins face-off versus Chris Kelly in Senators zone.
3:49 of 3rd period - Shot by Vaclav Prospal.
3:49 of 3rd period - Shot Misses the Net.
3:53 of 3rd period - Shot by Mats Sundin.
3:53 of 3rd period - Stopped by Pascal Leclaire without a rebound.
3:54 of 3rd period - Chris Kelly wins face-off versus Mats Sundin in Senators zone.
5:08 of 3rd period - Shot by Jean-Pierre Dumont.
5:08 of 3rd period - Shot Blocked by Willie Mitchell.
5:10 of 3rd period - Shot by Jean-Pierre Dumont.
5:10 of 3rd period - Stopped by Martin Gerber without a rebound.
5:11 of 3rd period - Tim Taylor wins face-off versus Antoine Vermette in Lightning zone.
5:15 of 3rd period - Jay Pandolfo is hit by Mike Cammalleri and loses puck.
5:48 of 3rd period - Jay Pandolfo is hit by Andrej Meszaros and loses puck.
5:49 of 3rd period - Minor Penalty to Marc-Andre Bergeron for High sticking.
5:50 of 3rd period - Antoine Vermette wins face-off versus Mats Sundin in Senators zone.
6:21 of 3rd period - Shot by Mats Sundin.
6:21 of 3rd period - Shot Blocked by Anton Volchenkov.
6:25 of 3rd period - Shot by Vaclav Prospal.
6:25 of 3rd period - Shot Misses the Net.
6:44 of 3rd period - Minor Penalty to Peter Schaefer for Charging.
6:45 of 3rd period - Brad Richards wins face-off versus Jason Spezza in Senators zone.
6:46 of 3rd period - Shot by Vincent Lecavalier.
6:46 of 3rd period - Shot Blocked by Dan Hamhuis.
6:48 of 3rd period - Shot by Vincent Lecavalier.
6:48 of 3rd period - Deflect By Eric Lindros.
6:48 of 3rd period - Stopped by Pascal Leclaire with a rebound.
6:52 of 3rd period - Shot by Vincent Lecavalier.
6:52 of 3rd period - Shot Blocked by Tom Preissing.
7:02 of 3rd period - Shot by Brad Richards.
7:02 of 3rd period - Shot Misses the Net.
7:04 of 3rd period - Shot by Vincent Lecavalier.
7:04 of 3rd period - Shot Blocked by Tom Preissing.
7:06 of 3rd period - Shot by Tom Poti.
7:06 of 3rd period - Stopped by Pascal Leclaire with a rebound.
8:18 of 3rd period - Shot by Vincent Lecavalier.
8:18 of 3rd period - Shot Misses the Net.
8:41 of 3rd period - Icing by Willie Mitchell.
8:42 of 3rd period - Brad Richards wins face-off versus Chris Kelly in Lightning zone.
8:50 of 3rd period - Icing by Anton Volchenkov.
8:51 of 3rd period - Tim Taylor wins face-off versus Rostislav Olesz in Senators zone.
9:51 of 3rd period - Shot by Vaclav Prospal.
9:51 of 3rd period - Shot Misses the Net.
10:27 of 3rd period - Shot by Vincent Lecavalier.
10:27 of 3rd period - Stopped by Pascal Leclaire without a rebound.
10:28 of 3rd period - Jason Spezza wins face-off versus Tim Taylor in Senators zone.
10:47 of 3rd period - Shot by Jason Spezza.
10:47 of 3rd period - Deflect By Alexander Radulov.
10:47 of 3rd period - Stopped by Martin Gerber with a rebound.
10:51 of 3rd period - Shot by Jason Spezza.
10:51 of 3rd period - Shot Misses the Net.
10:53 of 3rd period - Shot by Jay Bouwmeester.
10:53 of 3rd period - Shot Misses the Net.
10:55 of 3rd period - Shot by Dan Hamhuis.
10:55 of 3rd period - Stopped by Martin Gerber without a rebound.
10:56 of 3rd period - Tim Taylor wins face-off versus Chris Kelly in Lightning zone.
10:58 of 3rd period - Icing by Tom Poti.
10:59 of 3rd period - Tim Taylor wins face-off versus Chris Kelly in Lightning zone.
11:10 of 3rd period - Shot by Dimitry Afanasenkov.
11:10 of 3rd period - Stopped by Pascal Leclaire without a rebound.
11:11 of 3rd period - Mats Sundin wins face-off versus Jean-Pierre Dumont in Senators zone.
11:54 of 3rd period - Shot by Ilya Kovalchuk.
11:54 of 3rd period - Deflect By Mike Cammalleri.
11:54 of 3rd period - Shot Misses the Net.
12:03 of 3rd period - Vaclav Prospal is hit by Antoine Vermette and loses puck.
12:39 of 3rd period - Jaromir Jagr is hit by Alexander Radulov and loses puck.
12:48 of 3rd period - Shot by Vincent Lecavalier.
12:48 of 3rd period - Stopped by Pascal Leclaire with a rebound.
12:52 of 3rd period - Shot by Jaromir Jagr.
12:52 of 3rd period - Deflect By Vincent Lecavalier.
12:52 of 3rd period - Shot Misses the Net.
12:54 of 3rd period - Shot by Willie Mitchell.
12:54 of 3rd period - Shot Blocked by Jay Bouwmeester.
13:34 of 3rd period - Shot by Tim Taylor.
13:34 of 3rd period - Deflect By Jay Pandolfo.
13:34 of 3rd period - Shot Misses the Net.
13:36 of 3rd period - Shot by Tim Taylor.
13:36 of 3rd period - Deflect By Jay Pandolfo.
13:36 of 3rd period - Stopped by Pascal Leclaire without a rebound.
13:37 of 3rd period - Rostislav Olesz wins face-off versus Tim Taylor in Senators zone.
13:45 of 3rd period - Shot by Jean-Pierre Dumont.
13:45 of 3rd period - Stopped by Martin Gerber without a rebound.
13:46 of 3rd period - Mats Sundin wins face-off versus Antoine Vermette in Lightning zone.
13:59 of 3rd period - Shot by Mats Sundin.
13:59 of 3rd period - Stopped by Pascal Leclaire without a rebound.
14:00 of 3rd period - Brad Richards wins face-off versus Rostislav Olesz in Senators zone.
14:00 of 3rd period - Vincent Lecavalier is hit by Tom Preissing and loses puck.
14:04 of 3rd period - Icing by Anton Volchenkov.
14:05 of 3rd period - Tim Taylor wins face-off versus Rostislav Olesz in Senators zone.
14:06 of 3rd period - Shot by Jay Pandolfo.
14:06 of 3rd period - Stopped by Pascal Leclaire without a rebound.
14:07 of 3rd period - Brad Richards wins face-off versus Rostislav Olesz in Senators zone.
14:15 of 3rd period - Vincent Lecavalier is hit by Jean-Pierre Dumont and loses puck.
14:42 of 3rd period - Shot by Vincent Lecavalier.
14:42 of 3rd period - Shot Misses the Net.
14:44 of 3rd period - Shot by Vincent Lecavalier.
14:44 of 3rd period - Shot Blocked by Tom Preissing.
15:08 of 3rd period - Shot by Ruslan Fedotenko.
15:08 of 3rd period - Shot Blocked by Mike Cammalleri.
15:10 of 3rd period - Shot by Eric Brewer.
15:10 of 3rd period - Shot Misses the Net.
15:12 of 3rd period - Shot by Jay Pandolfo.
15:12 of 3rd period - Stopped by Pascal Leclaire without a rebound.
15:13 of 3rd period - Jason Spezza wins face-off versus Mats Sundin in Senators zone.
15:57 of 3rd period - Icing by Jason Spezza.
15:58 of 3rd period - Tim Taylor wins face-off versus Jason Spezza in Senators zone.
16:14 of 3rd period - Icing by Nolan Pratt.
16:15 of 3rd period - Tim Taylor wins face-off versus Antoine Vermette in Lightning zone.
16:30 of 3rd period - Shot by Ruslan Fedotenko.
16:30 of 3rd period - Stopped by Pascal Leclaire with a rebound.
16:32 of 3rd period - Shot by Eric Brewer.
16:32 of 3rd period - Deflect By Jay Pandolfo.
16:32 of 3rd period - Stopped by Pascal Leclaire without a rebound.
16:33 of 3rd period - Rostislav Olesz wins face-off versus Brad Richards in Senators zone.
17:47 of 3rd period - Icing by Cory Sarich.
17:48 of 3rd period - Mats Sundin wins face-off versus Chris Kelly in Lightning zone.
18:02 of 3rd period - Icing by Chris Phillips.
18:03 of 3rd period - Eric Lindros wins face-off versus Jason Spezza in Lightning zone.
18:05 of 3rd period - Vaclav Prospal is hit by Dustin Penner and loses puck.
18:34 of 3rd period - Shot by Alexander Radulov.
18:34 of 3rd period - Stopped by Martin Gerber without a rebound.
18:35 of 3rd period - Tim Taylor wins face-off versus Antoine Vermette in Lightning zone.
18:45 of 3rd period - Icing by Mike Cammalleri.
18:46 of 3rd period - Tim Taylor wins face-off versus Antoine Vermette in Senators zone.
19:01 of 3rd period - Senators, Pascal Leclaire is pulled from the net.
19:43 of 3rd period - Shot by Jean-Pierre Dumont.
19:43 of 3rd period - Shot Misses the Net.
19:53 of 3rd period - Shot by Jean-Pierre Dumont.
19:53 of 3rd period - Stopped by Martin Gerber without a rebound.
19:54 of 3rd period - Jason Spezza wins face-off versus Mats Sundin in Lightning zone.
19:55 of 3rd period - Shot by Alexander Radulov.
19:55 of 3rd period - Shot Misses the Net.


Output by the SimonT Hockey Simulator (STHS) for Stephane Roy -- Original Page W3C XHTML 1.0 Valid